 Dungeon Crawl Stone Soup version 0.14-a0-2810-g474977d (webtiles) character file.

151 Quh the Skirmisher (level 3, -3/34 HPs)
             Began as a Hill Orc Fighter on Feb 25, 2014.
             Killed by divine providence
             ... invoked by an orc priest
              (8 damage)
             ... on Level 3 of the Dungeon.
             The game lasted 00:07:46 (2082 turns).

Quh the Skirmisher (Hill Orc Fighter)               Turns: 2082, Time: 00:07:46

HP  -3/34        AC 12     Str 19      XL: 3   Next: 58%
MP   3/3         EV  3     Int  8      God:
Gold 108         SH 18     Dex 10      Spells:  0 memorised,  2 levels left

rFire  . . .     SeeInvis +     a - +1,+0 falchion
rCold  . . .     Clarity  .     n - +1 plate armour
rNeg   . . .     Conserve +     l - +0 shield
rPois  .         rCorr    .     (no helmet)
rElec  .         rRot     .     (no cloak)
SustAb . .       Spirit   .     (no gloves)
rMut   .         Warding  .     (no boots)
Saprov + . .     Stasis   .     k - amulet of conservation {unknown}
MR     .....                    (no ring)
                                r - cursed ring of see invisible {unknown}

@: not resistant to hostile enchantments, extremely unstealthy
A: saprovore 1
a: Convert to Beogh


You were on level 3 of the Dungeon.
You were not hungry.

You visited 1 branch of the dungeon, and saw 3 of its levels.

You collected 108 gold pieces.

Inventory:

Hand weapons
 a - a +1,+0 falchion (weapon)
 i - a +1,+2 anti-magic mace
Missiles
 m - 3 darts of flame
 o - 33 darts (quivered)
Armour
 c - a +0 orcish shield
 g - a +1 robe of cold resistance
 l - a +0 shield (worn)
 n - a +1 plate armour (worn)
Comestibles
 d - a meat ration
 s - a chunk of hobgoblin flesh
 t - a royal jelly
 u - a chunk of rat flesh
Scrolls
 b - a scroll of identify {unknown}
 f - a scroll of recharging {unknown}
 q - a scroll of remove curse {unknown}
 v - a scroll of curse jewellery {unknown}
Jewellery
 k - an amulet of conservation (around neck) {unknown}
 r - a cursed ring of see invisible (left hand) {unknown}
Potions
 e - 2 potions of curing {unknown}
 h - a potion of brilliance {unknown}
 j - a potion of magic {unknown}
 p - a potion of decay {unknown}


   Skills:
 * Level 4.3 Fighting
 * Level 2.5 Long Blades
 + Level 0.2 Throwing
 * Level 3.9 Armour
 + Level 3.4 Shields


You had 2 spell levels left.
You didn't know any spells.

Dungeon Overview and Level Annotations

Branches:
Dungeon (3/16)

Altars:
Ashenzari


Innate Abilities, Weirdness & Mutations

You can tolerate rotten meat.


Message History

You hit the orc priest.
The orc priest shouts, "Surrender to Beogh and we'll let you live!"
The orc priest is moderately wounded.
The orc priest hits you with a war axe. You block the orc's attack.
You hit the orc priest but do no damage.
The orc priest is moderately wounded.
The orc priest shouts, "Surrender to Beogh and we'll let you live!"
The orc priest threatens, "By the altar or by the axe, you will meet Beogh!"
You block the orc priest's attack. The orc hits you but does no damage.
You closely miss the orc priest.
The orc priest is moderately wounded.
The orc hits you but does no damage.
The orc priest hits you but does no damage.
The orc priest calls down the wrath of Beogh upon you.
Something smites you!
* * * LOW HITPOINT WARNING * * *
The orc priest's eyes start to glow.
The orc priest invokes the aid of Beogh against you.
Something smites you!
You die...

........# .......
o.... .o. ##o#
#.o# #####o###
#....o..#
#....@..#
#########.......#
................#
#########.......#
#.......#
#.......#
####.#### ###.#
#...#


You could see 2 orc priests and 3 orcs.

Vanquished Creatures
  An adder (D:2)
  A worm (D:3)
  3 bats
  2 giant cockroaches
  3 goblins
  5 hobgoblins
  4 kobolds
  A giant newt (D:2)
  3 jackals (D:1)
  7 rats
30 creatures vanquished.

Notes
Turn   | Place    | Note
--------------------------------------------------------------
     0 | D:1      | Quh, the Hill Orc Fighter, began the quest for the Orb.
     0 | D:1      | Reached XP level 1. HP: 19/19 MP: 1/1
   271 | D:1      | Reached XP level 2. HP: 27/27 MP: 2/2
   304 | D:1      | Reached skill level 4 in Fighting
   860 | D:2      | Found a shattered altar of Ashenzari.
  1164 | D:2      | Reached XP level 3. HP: 22/33 MP: 3/3
  2082 | D:3      | Killed from afar by an orc priest

Action                   || total
-------------------------++-------
Melee: Falchion          ||   152
  Use: Scroll            ||     5
